 Dungeon Crawl Stone Soup version 0.17-a0-2231-gd80ca38 (webtiles) character file.

9828 Ijustatesigmund the Covert (level 11, -5/69 HPs)
             Began as an Octopode Wizard on Oct 29, 2015.
             Was a Priest of Dithmenos.
             Slain by a white ugly thing (20 damage)
             ... on level 12 of the Dungeon.
             The game lasted 01:29:41 (16112 turns).

Ijustatesigmund the Covert (Octopode Wizard)       Turns: 16112, Time: 01:29:43

Health: -5/69      AC:  1    Str:  7    XL:     11   Next: 52%
Magic:  17/21      EV: 14    Int: 29    God:    Dithmenos [***...]
Gold:   236        SH:  0    Dex: 14    Spells: 5 memorised, 13 levels left

rFire  + . .     SeeInvis .     h - +4 dagger (elec)
rCold  . . .     Clarity  .     (no shield)
rNeg   . . .     SustAt   .     a - +0 hat
rPois  +         Gourm    .     (no amulet)
rElec  .         Spirit   .     e - +6 ring of intelligence
rCorr  .         Warding  .     k - +3 ring of dexterity
rMut   .         Stasis   .     B - ring of protection from fire
MR     .....                    M - ring of poison resistance
Stlth  +++++++++.               (no ring)
                                (no ring)
                                (no ring)
                                (no ring)

@: wreathed by umbra, repel missiles, not resistant to hostile enchantments,
incredibly stealthy
A: almost no armour, amphibious, 8 rings, constrict 8, camouflage 1, gelatinous
body 1
a: Shadow Step, Renounce Religion


You were on level 12 of the Dungeon.
You worshipped Dithmenos.
Dithmenos was most pleased with you.
You were not hungry.

You visited 2 branches of the dungeon, and saw 13 of its levels.

You collected 671 gold pieces.
You spent 435 gold pieces at shops.

Inventory:

Hand Weapons
 h - a +4 dagger of electrocution (weapon)
 m - a +0 blowgun
 F - a +2 falchion of holy wrath
Missiles
 i - 26 poisoned needles
Armour
 a - a +0 hat (worn)
 C - a +0 shield
 E - a +0 shield of positive energy
Magical Staves
 q - an uncursed staff of energy
 u - an uncursed staff of summoning
Jewellery
 e - a +6 ring of intelligence (left tentacle)
 k - a +3 ring of dexterity (right tentacle)
 B - a ring of protection from fire (on tentacle)
 M - a ring of poison resistance (on tentacle)
Wands
 g - a wand of magic darts (8)
 x - a wand of heal wounds (5)
 D - a wand of frost (35)
 K - a wand of enslavement (7)
 Q - a wand of fireball (10)
Scrolls
 d - 4 scrolls of amnesia
 s - 3 scrolls of teleportation
 v - 3 scrolls of recharging
 y - 6 scrolls of remove curse
 z - a scroll of fog
 A - a scroll of noise
 O - a scroll of immolation
Potions
 c - 2 potions of heal wounds
 j - a potion of haste
 l - 2 potions of lignification
 n - 4 potions of curing
 o - 2 potions of mutation
 p - a potion of brilliance
 t - 2 potions of flight
 w - a potion of invisibility
 I - a potion of agility
 P - a potion of cancellation {unknown}
Books
 b - a book of Minor Magic

   Spells                             Type                      Level
   a - Magic Dart                     Conjuration                  1
   b - Blink                          Translocation                2
   c - Call Imp                       Summoning                    2
   d - Repel Missiles                 Charms/Air                   2
   e - Slow                           Hexes                        2
   f - Conjure Flame                  Conjuration/Fire             3
   g - Mephitic Cloud                 Conjuration/Poison/Air       3
 f - a book of Enchantments

   Spells                             Type                      Level
   a - Cause Fear                     Hexes                        4
   b - Silence                        Hexes/Air                    5
   c - Deflect Missiles               Charms/Air                   6
   d - Haste                          Charms                       6
   e - Discord                        Hexes                        8
Comestibles
 r - 2 meat rations
 G - 2 beef jerkies
 H - a bread ration
 J - 3 fruits
 L - 3 chunks of flesh
 N - a slice of pizza


   Skills:
 - Level 4.1 Fighting
 + Level 5.0 Short Blades
 - Level 4.6 Dodging
 - Level 12.5 Stealth
 - Level 6.6 Spellcasting
 - Level 7.7 Conjurations
 - Level 2.2 Summonings
 - Level 4.0 Translocations
 - Level 2.0 Air Magic
 - Level 2.0 Poison Magic
 - Level 7.3 Invocations


You had 13 spell levels left.
You knew the following spells:

 Your Spells              Type           Power        Failure   Level  Hunger
a - Magic Dart            Conj           ####         1%          1    None
b - Blink                 Tloc           N/A          1%          2    None
c - Repel Missiles        Chrm/Air       ###...       6%          2    None
d - Mephitic Cloud        Conj/Pois/Air  ####....     3%          3    None
e - Call Imp              Summ           ###.....     3%          2    None


Dungeon Overview and Level Annotations

Branches:
Dungeon (12/15)            Temple (1/1) D:5
   Lair: D:8-11         Orc: D:9-12

Altars:
Ashenzari
Cheibriados
Dithmenos
Elyvilon
Fedhas
Gozag
Kikubaaqudgha
Makhleb
Nemelex Xobeh
Okawaru
Qazlal
Ru
Sif Muna
Trog
Vehumet
Xom
Yredelemnul
Zin
The Shining One

Shops:
D:6 [*(?   D:7 [   D:12 :

Annotations:
D:5 Dowan, Duvessa
D:7 xeno23's ghost, novice DsAK
D:8 exclusions: ice statue and obsidian statue
D:9 xeno23's ghost, novice DsAK
D:11 Nergalle


Innate Abilities, Weirdness & Mutations

You cannot wear most types of armour.
You are amphibious.
You can wear up to eight rings at the same time.
You can use your tentacles to constrict eight enemies at once.
Your skin changes colour to match your surroundings (Stealth).
Your rubbery body absorbs attacks (AC +1).


Message History

The white ugly thing is lightly wounded.
You constrict the white ugly thing.
The white ugly thing closely misses you.
You hit the white ugly thing.
There is a sudden explosion of sparks!
You squeeze the white ugly thing.
The white ugly thing is heavily wounded.
You constrict the white ugly thing.
The orc warrior is engulfed in noxious fumes.
The orc warrior appears confused.
You hit the white ugly thing.
The white ugly thing is severely wounded.
You constrict the white ugly thing. The white ugly thing bites you!
The white ugly thing freezes you!!
You hit the white ugly thing.
The white ugly thing is severely wounded.
You constrict the white ugly thing, but do no damage.
The white ugly thing bites you!
* * * LOW HITPOINT WARNING * * *
The white ugly thing freezes you!!
You die...

.........#.#∩..........#
......>..'.#.....cc§...#
.........###.....§§.o..#
.........# #...(.§§oc..#
######'### ####(########
#.# #)## #.# #§.# #.#
##u### #.# #@..## ##.#
###..# ##..# ##.# #..##
#.# #.## #.# #.# #.# #.#
#.### #.# #...#
####'#### ###[#


You could see a white ugly thing.

Vanquished Creatures
  A hill giant (D:10)
  Pikel (D:4)
  An ugly thing (D:10)
  2 kobold demonologists (D:11)
  The ghost of Uberwunderbarhen the Ducker, a novice OpFi of Makhleb (D:5)
  A troll (D:11)
  3 yaks (D:10)
  A deep elf mage (D:10)
  Eustachio (D:6)
  3 hippogriffs
  Menkaure (D:6)
  3 ice beasts
  2 water moccasins
  A porcupine (D:10)
  6 ogres
  3 sky beasts (D:9)
  2 phantoms
  7 orc warriors
  8 centaurs
  A necrophage (D:9)
  A crocodile (D:8)
  Blork the orc (D:4)
  4 giant frogs
  A big kobold (D:9)
  A wyvern skeleton (D:6)
  10 killer bees
  4 scorpions
  5 wights (D:8)
  6 crimson imps
  2 iguanas (D:6)
  7 orc priests
  2 centaur zombies
  2 giant frog skeletons
  A jelly (D:8)
  19 orc wizards
  Crazy Yiuf (D:6)
  4 giant frog zombies
  Ijyb (D:3)
  4 hounds
  4 centaur skeletons
  9 worker ants
  A killer bee zombie (D:5)
  A hound skeleton (D:6)
  A hound zombie (D:10)
  Robin (D:4)
  13 adders
  A gnoll (D:4)
  A worker ant zombie (D:9)
  A river rat (D:10)
  2 shadow imps
  An ooze (D:1)
  2 adder zombies
  A worm (D:4)
  6 giant geckos
  72 orcs
  2 ball pythons (D:3)
  7 giant cockroaches
  15 goblins
  15 hobgoblins
  15 jackals
  8 quokkas
  A ball python skeleton (D:4)
  6 bats
  A giant gecko skeleton (D:7)
  A giant newt (D:3)
  2 jackal skeletons
  8 kobolds
  2 quokka skeletons
  5 rats
330 creatures vanquished.

Vanquished Creatures (collateral kills)
  A jelly (D:9)
1 creature vanquished.

Vanquished Creatures (others)
  A deep elf mage (D:10)
  An ogre (D:10)
  A worker ant (D:10)
  A shadow imp (D:10)
  A fungus (D:6)
  6 plants
11 creatures vanquished.

Grand Total: 342 creatures vanquished

Notes
Turn   | Place    | Note
--------------------------------------------------------------
     0 | D:1      | Ijustatesigmund the Octopode Wizard began the quest for the Orb.
     0 | D:1      | Reached XP level 1. HP: 11/11 MP: 4/4
   478 | D:1      | Reached XP level 2. HP: 17/17 MP: 1/6
   482 | D:1      | Learned a level 2 spell: Blink
   485 | D:1      | Learned a level 2 spell: Repel Missiles
   945 | D:1      | Reached XP level 3. HP: 17/21 MP: 2/7
  1058 | D:1      | Reached skill level 4 in Stealth
  1852 | D:2      | Learned a level 3 spell: Mephitic Cloud
  2278 | D:3      | Reached XP level 4. HP: 27/27 MP: 3/8
  2286 | D:3      | Noticed Ijyb
  2507 | D:3      | Killed Ijyb
  2507 | D:3      | Reached skill level 1 in Short Blades
  2507 | D:3      | Reached skill level 5 in Stealth
  3028 | D:3      | Reached XP level 5. HP: 31/31 MP: 0/9
  3276 | D:3      | Reached skill level 1 in Fighting
  3826 | D:3      | Found a faded altar to an unknown god.
  3830 | D:3      | Reached XP level 6. HP: 38/38 MP: 10/10
  4178 | D:4      | Reached skill level 1 in Poison Magic
  4240 | D:4      | Reached skill level 6 in Stealth
  4240 | D:4      | Reached skill level 1 in Air Magic
  4532 | D:4      | Noticed Blork the orc
  4586 | D:4      | Killed Blork the orc
  4586 | D:4      | Reached XP level 7. HP: 36/43 MP: 5/11
  5028 | D:4      | Noticed Robin
  5056 | D:4      | Killed Robin
  5056 | D:4      | Reached skill level 7 in Stealth
  5512 | D:4      | Noticed Pikel
  5514 | D:4      | Killed Pikel
  5514 | D:4      | Reached skill level 8 in Stealth
  5514 | D:4      | Reached skill level 5 in Conjurations
  5514 | D:4      | Reached XP level 8. HP: 48/48 MP: 12/12
  5526 | D:5      | Entered Level 5 of the Dungeon
  5549 | D:5      | Found a staircase to the Ecumenical Temple.
  5580 | Temple   | Entered the Ecumenical Temple
  5588 | Temple   | Became a worshipper of Dithmenos the Shadowed
  5961 | D:5      | Noticed Duvessa
  5977 | D:5      | Reached skill level 9 in Stealth
  5978 | D:5      | Noticed Dowan
  6266 | D:6      | Found Reghededgh's Assorted Antiques.
  6267 | D:6      | Reached skill level 1 in Invocations
  6464 | D:5      | Learned a level 2 spell: Call Imp
  6724 | D:6      | Noticed Eustachio
  6800 | D:6      | Killed Eustachio
  6800 | D:6      | Reached XP level 9. HP: 50/53 MP: 3/13
  6920 | D:6      | Found Zealirid's Magic Scroll Shoppe.
  6924 | D:6      | Bought a scroll of fog for 26 gold pieces
  6958 | D:6      | Found Raxohur's Weapon Shop.
  7106 | D:6      | Reached * piety under Dithmenos
  7149 | D:6      | Reached skill level 10 in Stealth
  7349 | D:5      | Noticed Uberwunderbarhen's ghost (novice OpFi)
  7658 | D:5      | Found a white marble altar of Elyvilon.
  7658 | D:5      | Found a glowing silver altar of Zin.
  7659 | D:5      | Found a glowing golden altar of the Shining One.
  7985 | D:5      | Killed Uberwunderbarhen's ghost
  8040 | D:6      | Bought a fuming ruby potion for 27 gold pieces
  8123 | D:6      | Found Tofuku's Antique Armour Shop.
  8236 | D:6      | Noticed Crazy Yiuf
  8246 | D:6      | Killed Crazy Yiuf
  8404 | D:6      | Noticed Menkaure
  8411 | D:6      | Killed Menkaure
  8411 | D:6      | Reached skill level 11 in Stealth
  8479 | D:6      | Bought 2 scrolls of recharging for 247 gold pieces
  8851 | D:7      | Found an ancient bone altar of Kikubaaqudgha.
  8883 | D:7      | Noticed xeno23's ghost (novice DsAK)
 10310 | D:7      | Reached skill level 12 in Stealth
 10310 | D:7      | Reached XP level 10. HP: 30/63 MP: 14/16
 10696 | D:7      | Found a basalt altar of Yredelemnul.
 10697 | D:7      | Found an opulent altar of Gozag.
 10697 | D:7      | Found a radiant altar of Vehumet.
 10699 | D:7      | Found a burning altar of Makhleb.
 10700 | D:7      | Found an iron altar of Okawaru.
 11027 | D:7      | Found Mistrag's Antique Armour Emporium.
 11430 | D:8      | Reached ** piety under Dithmenos
 11774 | D:7      | Bought a shiny shield for 135 gold pieces
 11902 | D:8      | Found a basalt altar of Yredelemnul.
 12011 | D:8      | Noticed an obsidian statue
 12436 | D:8      | Noticed an ice statue
 12692 | D:9      | Reached skill level 5 in Invocations
 12880 | D:9      | Reached *** piety under Dithmenos
 13625 | D:9      | Found a blossoming altar of Fedhas.
 13878 | D:10     | Entered Level 10 of the Dungeon
 13878 | D:10     | Found a burning altar of Makhleb.
 14500 | D:9      | Reached skill level 5 in Spellcasting
 14637 | D:9      | Reached XP level 11. HP: 69/69 MP: 13/18
 15093 | D:10     | Found a shimmering altar of Xom.
 15093 | D:10     | Noticed a white ugly thing
 15099 | D:10     | Killed a white ugly thing
 15429 | D:10     | Noticed a hill giant
 15456 | D:10     | Killed a hill giant
 15929 | D:11     | Noticed Nergalle
 15961 | D:12     | Found Zosovit's Book Boutique.
 16071 | D:12     | Reached skill level 5 in Short Blades
 16112 | D:12     | Slain by a white ugly thing

Vault maps used:
D:1:      evilmike_arrival_rings
D:3:      corexii_shack_village, ecumenical_altar_1, first_bread,
          grunt_ministairs_2, uniq_iyjb
D:4:      minmay_ruptured, uniq_blork_the_orc, uniq_pikel, uniq_robin
D:5:      good_gods_temple_1, minmay_temple_entry_statues, uniq_duvessa
D:6:      serial_shops, nicolae_shop_overgrown_old_shop,
          nicolae_shop_temple_entry_statues_fountains, shop,
          kennysheep_mini_moat, minmay_misc_feat_doors, uniq_menkaure,
          uniq_eustachio, uniq_crazy_yiuf_cottage
D:7:      minitemple, marbit_many_paths, serial_shops, shop_statue,
          moated_statue
D:8:      minmay_separated_statues, basic_altar
D:9:      fedhas_altar_4, special_room
D:10:     minmay_lair_entry_grove, serial_shops, shop, basic_altar,
          xom_confusion_cloud, uniq_sonja
D:11:     cheibrodos_breeding_chamber, uniq_maurice, uniq_harold, uniq_nergalle
D:12:     serial_shops, shop, hangedman_tell_no_tales
Temple:   nicolae_temple_no_exploring_needed

Action                   |  1- 3 |  4- 6 |  7- 9 | 10-12 || total
-------------------------+-------+-------+-------+-------++-------
Melee: Dagger            |    16 |    68 |   183 |   295 ||   562
       Falchion          |       |       |     3 |       ||     3
 Cast: Magic Dart        |    58 |    77 |   140 |   130 ||   405
       Blink             |     1 |     3 |     5 |     4 ||    13
       Repel Missiles    |     1 |       |       |     2 ||     3
       Mephitic Cloud    |     2 |     5 |    21 |    22 ||    50
       Call Imp          |       |       |     7 |     9 ||    16
Invok: Shadow Step       |       |       |       |     5 ||     5
Evoke: Wand              |       |       |     1 |     4 ||     5
  Use: Scroll            |     7 |     8 |     5 |     9 ||    29
       Potion            |     2 |     1 |     3 |       ||     6
 Stab: Sleeping          |     1 |     8 |     8 |    41 ||    58
       Distracted        |     1 |       |     2 |     2 ||     5
       Confused          |       |     1 |     3 |     2 ||     6
  Eat: Chunk             |     4 |     5 |     7 |    17 ||    33
       Beef jerky        |       |     1 |       |       ||     1
       Royal jelly       |       |     1 |       |       ||     1
       Pizza             |       |       |     3 |       ||     3
       Bread ration      |       |       |     2 |       ||     2
       Fruit             |       |       |       |     1 ||     1
